 Dungeon Crawl Stone Soup version 0.31.0-11-ge490571c62 (webtiles) character file.

Game seed: 17610554605468729844

244 qw the Shooter (level 5, -1/27 HPs)
             Began as a Spriggan Hunter on Feb 4, 2024.
             Slain by Pikel
             ... wielding a +2 whip of freezing
              (3 damage)
             ... on level 4 of the Dungeon.
             The game lasted 00:00:16 (2764 turns).

qw the Shooter (Spriggan Hunter)                    Turns: 2764, Time: 00:00:17

Health: -1/27      AC:  2    Str:  7    XL:     5   Next: 83%
Magic:  6/6        EV: 20    Int: 11    God:
Gold:   335        SH:  0    Dex: 20    Spells: 4/4 levels left

rFire   . . .        a - +2 shortbow
rCold   . . .        (shield currently unavailable)
rNeg    . . .        c - +0 robe
rPois   .            (helmet restricted)
rElec   .            (no cloak)
rCorr   .            (gloves unavailable)
SInv    +            (boots unavailable)
Will    .....        (no amulet)
Stlth   ++           (no ring)
HPRegen 0.24/turn    (no ring)
MPRegen 0.10/turn

%: no passive effects
@: very quick
A: very small, no large weapons, unfitting armour, see invisible, speed 3
a: no special abilities


You were on level 4 of the Dungeon.
You visited 1 branch of the dungeon, and saw 4 of its levels.

You collected 335 gold pieces.


Innate Abilities, Weirdness & Mutations

You are very small and have problems with some larger weapons.
You are too small for most types of armour.
You have supernaturally acute eyesight. (SInv)
You cover ground extremely quickly. (Speed+++)


   Skills:
 - Level 2.3 Fighting
 - Level 6.0 Ranged Weapons
 + Level 5.0 Dodging
 - Level 1.5 Stealth


You had 4 spell levels left.
You didn't know any spells.
Your spell library was empty.

Inventory:

Hand Weapons
 a - a +2 shortbow (weapon)
Armour
 c - a +0 robe (worn)
Jewellery
 b - the amulet "Wuoluaz" {-Tele rElec Regen+ Dex+5}
   (You acquired it on level 2 of the Dungeon)

   [amulet of regeneration]

   Dex+5:     It affects your dexterity (+5).
   rElec:     It insulates you from electricity.
   -Tele:     It prevents most forms of teleportation.
   Regen+:    It increases your rate of health regeneration.
 f - an amulet of reflection
Scrolls
 e - 2 scrolls of identify
Potions
 d - a potion of cancellation
 j - a potion of curing

Dungeon Overview and Level Annotations

Branches:
Dungeon (4/15)
 Temple: D:4-7

Altars:
Ashenzari
Trog
Vehumet

Annotations:
D:3 1 runed translucent door, qw's ghost, amateur DEHu
D:4 Pikel


Message History

The lemure misses you. The lemure barely misses you. The lemure misses you.
The lemure barely misses you.
You shoot an arrow. The arrow hits the lemure!
The lemure is heavily wounded.
The lemure completely misses you. The lemure hits you. x2
You shoot an arrow. The arrow hits the lemure.
The lemure is severely wounded.
You hear a shout!
The lemure hits you. The lemure barely misses you. The lemure hits you.
You shoot an arrow. The arrow hits the lemure!
The lemure is almost dead.
The lemure closely misses you. The lemure barely misses you. x2
You shoot an arrow. The arrow hits the lemure!
You kill the lemure!
That felt strangely unrewarding.
The lemure hits you. x2
2758 ||| RETREEEEATING.
The lemure closely misses you.
You shoot an arrow.
The arrow hits the lemure but does no damage.
The lemure is moderately wounded.
The lemure hits you but does no damage. The lemure barely misses you.
You shoot an arrow. The arrow closely misses the lemure.
The lemure hits you.
You shoot an arrow. The arrow closely misses the lemure.
The lemure barely misses you.
You shoot an arrow. The arrow closely misses the lemure.
The lemure hits you but does no damage.
Pikel hits you with a +2 whip of freezing.
Pikel freezes you.
2763 ||| DRINKING potion of heal wounds.
You feel much better. The lemure hits you. Pikel barely misses you.
You shoot an arrow. The arrow hits the lemure.
The lemure is lightly wounded.
The lemure completely misses you.
Pikel hits you with a +2 whip of freezing!
Pikel freezes you.
You die...
Pikel says, "Another soul for the market."

##### .5 ....# #####5
....# #.[.#.## ....#
#....5.#####
#)#.###...#.5..5.########
.....# #....# #........#
...#.####.##.####.......#
.............555#.......#
...#.####.##.##K@.......#
...#.# #....####.......#
...# # #.#..# #.......#
...# #.#...# #.......#
...# ####.#.#.# #########
#.## ..#..#. .# #.#
#.#.##. .. #.# #.#.# .
..####.#.#


You could see Pikel and 3 lemures.

Vanquished Creatures
  A lemure (D:4)
  A hound (D:4)
  An orc wizard (D:3)
  5 adders
  A white imp (D:3)
  3 adder skeletons (D:2)
  5 dart slugs
  A ribbon worm (D:3)
  8 orcs (D:3)
  7 bats
  A bat skeleton (D:2)
  A bat zombie (D:2)
  9 endoplasms
  5 giant cockroaches
  13 goblins
  13 hobgoblins
  7 quokkas
  6 ball pythons
  2 frilled lizards (D:2)
  9 kobolds
  4 rats (D:3)
103 creatures vanquished.

Notes
Turn   | Place    | Note
-------+----------+-------------------------------------------
     0 | D:1      | qw the Spriggan Hunter began the quest for the Orb.
     0 | D:1      | Reached XP level 1. HP: 10/10 MP: 2/2
     0 | D:1      | 0 ||| qw: Version: 0.3-a-160-g6735b56
     0 | D:1      | 0 ||| qw: Game counter: 5430
     0 | D:1      | 0 ||| qw: Melee chars always use a shield: true
     0 | D:1      | 0 ||| qw: God list: Okawaru
     0 | D:1      | 0 ||| qw: Allow faded altars: false
     0 | D:1      | 0 ||| qw: Do Orc after clearing Dungeon:15 true
     0 | D:1      | 0 ||| qw: Do second Lair branch before Depths: true
     0 | D:1      | 0 ||| qw: Lair rune preference: random
     0 | D:1      | 0 ||| qw: Goals: Normal
     0 | D:1      | 0 ||| PLANNING D:1-11
    40 | D:1      | Reached skill level 3 in Dodging
    66 | D:1      | Reached XP level 2. HP: 11/14 MP: 3/3
   554 | D:1      | 554 ||| DROPPING ring of magical power.
   555 | D:1      | 555 ||| READING scroll labelled UTWAOL ORETUUQORHE.
   556 | D:1      | 556 ||| READING scroll labelled SIM DIF GIUNU.
   556 | D:1      | 556 ||| ENCHANTING +0 shortbow.
   557 | D:1      | 557 ||| READING scroll labelled VYAZXOC UMUVA.
   557 | D:1      | 557 ||| IDENTIFYING brown potion
   558 | D:1      | 558 ||| READING scroll labelled GEJ PEGIFIETHRO.
   559 | D:1      | 559 ||| DROPPING scroll of butterflies.
   591 | D:2      | Reached XP level 3. HP: 17/18 MP: 4/4
   728 | D:2      | 728 ||| READING scroll of enchant weapon.
   728 | D:2      | 728 ||| ENCHANTING +1 shortbow.
   825 | D:2      | Reached skill level 5 in Ranged Weapons
   938 | D:2      | Reached XP level 4. HP: 22/22 MP: 5/5
  1193 | D:2      | 1193 ||| READING 2 scrolls of identify.
  1193 | D:2      | 1193 ||| IDENTIFYING lumpy emerald potion
  1194 | D:2      | 1194 ||| READING scroll of identify.
  1194 | D:2      | 1194 ||| IDENTIFYING green potion
  1195 | D:2      | 1195 ||| READING scroll labelled PASSAE WA ISE.
  1238 | D:2      | 1238 ||| READING scroll labelled DIJUBEJELU.
  1238 | D:2      | Identified a scroll of acquirement
  1238 | D:2      | 1238 ||| ACQUIRING amulet "Wuoluaz" {-Tele rElec Regen+
                  | Dex+5}
  1238 | D:2      | Acquired the amulet "Wuoluaz" {-Tele rElec Regen+ Dex+5}
  1240 | D:2      | 1240 ||| DRINKING 2 clear potions.
  1241 | D:2      | 1241 ||| DROPPING potion of lignification.
  1264 | D:3      | 1264 ||| RETREEEEATING.
  1266 | D:3      | 1266 ||| RETREEEEATING.
  1267 | D:3      | 1267 ||| RETREEEEATING.
  1319 | D:3      | 1319 ||| FLEEEEING.
  1383 | D:3      | Found a bloodstained altar of Trog.
  1644 | D:3      | Found a broken altar of Ashenzari.
  1659 | D:3      | Found a runed translucent door.
  1672 | D:3      | Reached XP level 5. HP: 13/27 MP: 6/6
  1681 | D:3      | Noticed qw's ghost (amateur DEHu)
  1685 | D:3      | 1685 ||| FLEEEEING.
  1687 | D:3      | 1687 ||| FLEEEEING.
  1709 | D:3      | 1709 ||| FLEEEEING.
  1710 | D:3      | 1710 ||| FLEEEEING.
  1712 | D:3      | 1712 ||| FLEEEEING.
  1980 | D:3      | Found a radiant altar of Vehumet.
  2269 | D:3      | Found a faded altar of an unknown god.
  2469 | D:4      | 2469 ||| FLEEEEING.
  2470 | D:4      | 2470 ||| FLEEEEING.
  2471 | D:4      | 2471 ||| FLEEEEING.
  2472 | D:4      | 2472 ||| FLEEEEING.
  2473 | D:4      | 2473 ||| FLEEEEING.
  2474 | D:4      | 2474 ||| FLEEEEING.
  2650 | D:4      | Reached skill level 6 in Ranged Weapons
  2727 | D:4      | Noticed a lemure
  2729 | D:4      | Noticed Pikel
  2731 | D:4      | Noticed a lemure
  2732 | D:4      | 2732 ||| RETREEEEATING.
  2734 | D:4      | 2734 ||| RETREEEEATING.
  2735 | D:4      | 2735 ||| RETREEEEATING.
  2742 | D:4      | Noticed a lemure
  2743 | D:4      | 2743 ||| RETREEEEATING.
  2746 | D:4      | 2746 ||| RETREEEEATING.
  2747 | D:4      | 2747 ||| RETREEEEATING.
  2748 | D:4      | Noticed a lemure
  2749 | D:4      | 2749 ||| RETREEEEATING.
  2757 | D:4      | Killed a lemure
  2758 | D:4      | 2758 ||| RETREEEEATING.
  2762 | D:4      | HP: 2/27 [Pikel/+2 whip of freezing (5)]
  2763 | D:4      | 2763 ||| DRINKING potion of heal wounds.
  2764 | D:4      | Slain by Pikel

Levels and vault maps discovered:
D:1:      doesnt_arrival_eight_statues, layout_loops_cross
D:2:      layout_basic, serial_undead, serial_undead_e, serial_undead_d,
          serial_undead_e, serial_undead_e, serial_undead_f, serial_undead_f
D:3:      layout_basic, amcnicky_altar_gilded, lemuel_crystal_altar,
          nicolae_vehumet_altar_sigil, dilly_ecumenical_altar_fadedgnrine,
          ebering_ghost_sewer_d, chequers_hall_statues_wall_a
D:4:      layout_rooms, minmay_goblin_outpost, uniq_pikel

Skill      XL: |  1  2  3  4  5 |
---------------+----------------+-----
Dodging        | 3 4 5 |  5.0
Ranged Weapons | 5 6 |  6.0
Fighting       | 2 |  2.3
Stealth        | |  1.5

Action                     |  1- 3 |  4- 6 || total
---------------------------+-------+-------++-------
   Fire: Shortbow          |   102 |   169 ||   271
    Use: Scroll            |     5 |     4 ||     9
         Potion            |       |     2 ||     2
 Armour: Robe              |    10 |    44 ||    54
  Dodge: Dodged            |    29 |    88 ||   117

Table legend:
 A = Non-vault XP
 B = Vault XP
 C = Vault XP percentage of total XP
 D = Non-vault monster count
 E = Vault monster count
 F = Vault count percentage of total count
                 A         B        C        D         E       F
            +---------+---------+-------+---------+---------+-------
      Total |     314 |      35 |  10.0 |      89 |      13 |  12.7
            +---------+---------+-------+---------+---------+-------
        D:1 |      40 |       0 |   0.0 |      22 |       0 |   0.0
        D:2 |      55 |      19 |  25.7 |      25 |       5 |  16.7
        D:3 |     128 |       0 |   0.0 |      28 |       0 |   0.0
        D:4 |      91 |      16 |  15.0 |      14 |       8 |  36.4
            +---------+---------+-------+---------+---------+-------
